Map: Blueshift LE

Players

Mana - Winner!

  • Race: Protoss Protoss
  • Spawn Location: 1:00

Raze

  • Race: Protoss Protoss
  • Spawn Location: 7:00

Event: WCS Montreal 2018

VOD

Have the link to the VOD?

Description

Time

  • Played on: Sept. 7, 2018, 1:20 p.m.
  • Length: 7:05

All games in this series

Show
View Real Time Build Order
Export as new Build Order

Mana Protoss - Winner!

Build Orders:  

Get SALT Encoding   

  12  0:00  Probe  
  13  0:13  Probe  
  14  0:19  Pylon  
  14  0:24  Probe  
  15  0:33  Probe  
  15  0:40  Gateway  
  15  0:41  Probe  
  16  0:48  Assimilator  
  17  0:52  Probe  
  17  0:55  Assimilator  
  18  1:00  Probe  
  19  1:07  Gateway  
  19  1:08  Probe  
  20  1:18  Probe  
  21  1:27  Cybernetics Core  
  21  1:30  Probe  
  22  1:34  Pylon  
  22  1:42  Probe  
  23  1:55  Warp Gate, Probe  
  24  2:04  Stalker x2  
  24  2:07  Probe  
  29  2:13  Pylon  
  29  2:20  Shield Battery  
  29  2:26  Pylon  
  29  2:38  Stalker  
  29  2:40  Stalker  
  33  2:58  Robotics Facility  
  33  2:59  Probe  
  33  3:20  Stalker x2  
  37  3:31  Gateway  
  37  3:35  Immortal  
  40  4:03  Probe  
  40  4:09  Warp Prism  
  41  4:12  Nexus  
  41  4:15  Probe  
  44  4:28  Probe  
  45  4:39  Pylon  
  45  4:51  Immortal  
  45  4:53  Pylon  
  49  5:01  Sentry x2  
  49  5:02  Shield Battery  
  49  5:05  Adept  
  55  5:22  Warp Prism  
  55  5:26  Adept x3  
  62  5:48  Shield Battery  
  62  5:50  Shield Battery  
  62  5:54  Pylon  
  55  7:00  Adept x2  
Show
View Real Time Build Order
Export as new Build Order

Raze Protoss 

Build Orders:  

Get SALT Encoding   

  12  0:00  Probe  
  13  0:12  Probe  
  14  0:17  Pylon  
  14  0:23  Probe  
  15  0:31  Probe  
  16  0:39  Gateway, Probe  
  17  0:51  Pylon  
  17  0:52  Probe  
  18  1:09  Gateway  
  18  1:14  Gateway  
  18  1:18  Assimilator  
  18  1:28  Cybernetics Core  
  18  1:32  Probe  
  19  1:37  Assimilator  
  19  1:44  Probe  
  20  1:56  Probe  
  20  1:59  Adept x2  
  25  2:08  Probe  
  25  2:12  Pylon  
  26  2:18  Pylon  
  26  2:20  Warp Gate  
  26  2:40  Probe  
  27  2:44  Robotics Facility  
  27  2:52  Probe  
  28  3:05  Sentry  
  30  3:10  Gateway  
  30  3:11  Gateway  
  30  3:18  Pylon  
  30  3:25  Immortal  
  31  3:59  Probe  
  28  4:10  Nexus  
  28  4:11  Probe  
  29  4:21  Warp Prism  
  29  4:25  Sentry x2  
  29  4:26  Probe  
  29  4:30  Stalker x2  
  38  4:43  Pylon  
  38  5:03  Stalker x3  
  44  5:13  Pylon  
  41  5:34  Sentry  
  41  5:35  Stalker  
  26  6:05  Zealot  
Tags
 
Add a new tag
Caveats
  • Supply blocks, unpowered buildings, or Contaminate may cause inaccurate times.
  • Supply counts are checked every 10 seconds.